| TOP OF THE 1ST |
|
Mahoning Valley Scrappers batting - Pitching for Vancouver Canadians : RHP Manny Solis
|
|
Pitching: RHP Manny Solis
|
|
|
Batting: RHB Ricky Cordova
|
0-0: Ball 1-0: Fly out, F8 (Flyball, 78M, EV 90.0 MPH)
|
|
Batting: RHB Jose Argueta
|
0-0: Called Strike 0-1: Foul Ball, location: 2F 0-2: Strikes out looking
|
|
Batting: LHB Matt Steinke
|
0-0: Called Strike 0-1: Called Strike 0-2: Ball 1-2: Foul Ball, location: 2F 1-2: Strikes out looking
|
| Top of the 1st over - 0 runs, 0 hits, 0 errors, 0 left on base; Mahoning Valley 0 - Vancouver 0 |
| BOTTOM OF THE 1ST |
|
Vancouver Canadians batting - Pitching for Mahoning Valley Scrappers : RHP Josh Hughes
|
|
Pitching: RHP Josh Hughes
|
|
|
Batting: RHB Kennet Strijbis
|
0-0: Foul Ball, location: 2F 0-1: Ball 1-1: Foul Ball, location: 2F 1-2: Strikes out swinging
|
|
Batting: RHB Carlos Renteria
|
0-0: Ground out 3-1 (Groundball, 34S, EV 80.0 MPH)
|
|
Batting: RHB Nikita Schram
|
0-0: Ball 1-0: Foul Ball, location: 2F 1-1: Ground out 5-3 (Groundball, 56, EV 80.6 MPH)
|
| Bottom of the 1st over - 0 runs, 0 hits, 0 errors, 0 left on base; Mahoning Valley 0 - Vancouver 0 |
| TOP OF THE 2ND |
|
Mahoning Valley Scrappers batting - Pitching for Vancouver Canadians : RHP Manny Solis
|
|
Batting: LHB Dave Key
|
0-0: Called Strike 0-1: Foul Ball, location: 2F 0-2: Ground out 6-3 (Groundball, 6, EV 101.2 MPH)
|
|
Batting: RHB Kevin Wiles
|
0-0: Ball 1-0: Ball 2-0: Ball 3-0: Base on Balls
|
|
Batting: RHB Jonathan Livingston
|
0-0: Swinging Strike 0-1: Called Strike 0-2: Foul Ball, location: 2F 0-2: Strikes out swinging
|
|
Batting: RHB Tacito Carreiro
|
0-0: Called Strike 0-1: Ball 1-1: Fly out, F3 (Popup, 3SF, EV 66.9 MPH)
|
| Top of the 2nd over - 0 runs, 0 hits, 0 errors, 1 left on base; Mahoning Valley 0 - Vancouver 0 |
| BOTTOM OF THE 2ND |
|
Vancouver Canadians batting - Pitching for Mahoning Valley Scrappers : RHP Josh Hughes
|
|
Batting: RHB George King
|
0-0: Ball 1-0: Foul Ball, location: 2F 1-1: Called Strike 1-2: Ground out 4-3 (Groundball, 4, EV 100.0 MPH)
|
|
Batting: LHB Adam Santarelli
|
0-0: Called Strike 0-1: Foul Ball, location: 2F 0-2: Foul Ball, location: 2F 0-2: Ball 1-2: Ball 2-2: Strikes out looking
|
|
Batting: RHB Brian Manson
|
0-0: Ball 1-0: Foul Ball, location: 2F 1-1: Ball 2-1: TRIPLE (Flyball, 89XD, EV 101.9 MPH)
|
|
Batting: RHB Elliot Manfredini
|
0-0: Ball 1-0: Ball 2-0: DOUBLE (Groundball, 5L, EV 97.5 MPH) Brian Manson scores
|
|
Batting: RHB Dan Hilyer
|
0-0: SINGLE (Line Drive, 78S, EV 105.0 MPH) Elliot Manfredini to third
|
|
Batting: RHB Luis Vargas
|
0-0: Called Strike 0-1: Swinging Strike 0-2: Foul Ball, location: 2F 0-2: Ball 1-2: Ball 2-2: Foul Ball, location: 2F 2-2: Foul Ball, location: 2F 2-2: Strikes out swinging
|
| Bottom of the 2nd over - 1 run, 3 hits, 0 errors, 2 left on base; Mahoning Valley 0 - Vancouver 1 |
| TOP OF THE 3RD |
|
Mahoning Valley Scrappers batting - Pitching for Vancouver Canadians : RHP Manny Solis
|
|
Batting: RHB Aaron Stout
|
0-0: Called Strike 0-1: Ground out 4-3 (Groundball, 4, EV 82.5 MPH)
|
|
Batting: RHB Juan Ordonez
|
0-0: Called Strike 0-1: Called Strike 0-2: Ball 1-2: Strikes out looking
|
|
Batting: RHB Ricky Cordova
|
0-0: Ball 1-0: Foul Ball, location: 2F 1-1: Ball 2-1: Ball 3-1: Ground out 6-3 (Groundball, P, EV 91.2 MPH)
|
| Top of the 3rd over - 0 runs, 0 hits, 0 errors, 0 left on base; Mahoning Valley 0 - Vancouver 1 |
| BOTTOM OF THE 3RD |
|
Vancouver Canadians batting - Pitching for Mahoning Valley Scrappers : RHP Josh Hughes
|
|
Batting: RHB Kennet Strijbis
|
0-0: Ball 1-0: Fly out, F5 (Line Drive, 5, EV 65.0 MPH)
|
|
Batting: RHB Carlos Renteria
|
0-0: Bunt for hit to 23 - play at first, batter safe!
|
|
Batting: RHB Nikita Schram
|
0-0: Ball 1-0: Ball 2-0: TRIPLE (Line Drive, 78XD, EV 100.0 MPH) Carlos Renteria scores
|
|
Batting: RHB George King
|
0-0: Foul Ball, location: 2F 0-1: Ball 1-1: Foul Ball, location: 2F 1-2: Foul Ball, location: 2F 1-2: Fly out, F9 (Flyball, 9, EV 84.4 MPH)
|
|
Batting: LHB Adam Santarelli
|
0-0: Called Strike 0-1: Swinging Strike 0-2: Ball 1-2: Strikes out swinging
|
| Bottom of the 3rd over - 1 run, 2 hits, 0 errors, 1 left on base; Mahoning Valley 0 - Vancouver 2 |
| TOP OF THE 4TH |
|
Mahoning Valley Scrappers batting - Pitching for Vancouver Canadians : RHP Manny Solis
|
|
Batting: RHB Jose Argueta
|
0-0: Ball 1-0: Called Strike 1-1: Called Strike 1-2: Fly out, F2 (Popup, 23F, EV 77.5 MPH)
|
|
Batting: LHB Matt Steinke
|
0-0: Called Strike 0-1: Ball 1-1: Foul Ball, location: 2F 1-2: Foul Ball, location: 2F 1-2: Ball 2-2: Strikes out swinging
|
|
Batting: LHB Dave Key
|
0-0: SINGLE (Line Drive, 56, EV 95.0 MPH)
|
|
Batting: RHB Kevin Wiles
|
0-0: Ball 1-0: Ball 2-0: Called Strike 2-1: Foul Ball, location: 2F 2-2: Fielders Choice at 2nd, U6 (Groundball, 6M, EV 102.5 MPH)
|
| Top of the 4th over - 0 runs, 1 hit, 0 errors, 1 left on base; Mahoning Valley 0 - Vancouver 2 |
| BOTTOM OF THE 4TH |
|
Vancouver Canadians batting - Pitching for Mahoning Valley Scrappers : RHP Josh Hughes
|
|
Batting: RHB Brian Manson
|
0-0: Ball 1-0: Called Strike 1-1: Foul Ball, location: 2F 1-2: Ball 2-2: Ball 3-2: Ground out 4-3 (Groundball, 34, EV 90.0 MPH)
|
|
Batting: RHB Elliot Manfredini
|
0-0: Ball 1-0: Called Strike 1-1: Ball 2-1: Foul Ball, location: 2F 2-2: Ball 3-2: Foul Ball, location: 2F 3-2: Strikes out swinging
|
|
Batting: RHB Dan Hilyer
|
0-0: Called Strike 0-1: Called Strike 0-2: Ground out 4-3 (Groundball, 4S, EV 86.2 MPH)
|
| Bottom of the 4th over - 0 runs, 0 hits, 0 errors, 0 left on base; Mahoning Valley 0 - Vancouver 2 |
| TOP OF THE 5TH |
|
Mahoning Valley Scrappers batting - Pitching for Vancouver Canadians : RHP Manny Solis
|
|
Batting: RHB Jonathan Livingston
|
0-0: Called Strike 0-1: Ball 1-1: Called Strike 1-2: Ball 2-2: Ground out 5-3 (Groundball, 25, EV 93.1 MPH)
|
|
Batting: RHB Tacito Carreiro
|
0-0: SINGLE (Groundball, 56D, EV 96.2 MPH)
|
|
Batting: RHB Aaron Stout
|
0-0: Ball 1-0: Called Strike 1-1: Ball 2-1: Ball 3-1: Fielders Choice at 2nd, 6-4 (Groundball, 6M, EV 98.8 MPH)
|
|
Batting: RHB Juan Ordonez
|
0-0: Ball 1-0: Foul Ball, location: 2F 1-1: Called Strike 1-2: Foul Ball, location: 2F 1-2: Foul Ball, location: 2F 1-2: Strikes out looking
|
| Top of the 5th over - 0 runs, 1 hit, 0 errors, 1 left on base; Mahoning Valley 0 - Vancouver 2 |
| BOTTOM OF THE 5TH |
|
Vancouver Canadians batting - Pitching for Mahoning Valley Scrappers : RHP Josh Hughes
|
|
Batting: RHB Luis Vargas
|
0-0: Ball 1-0: Called Strike 1-1: Ground out 6-3 (Groundball, 6, EV 86.9 MPH)
|
|
Batting: RHB Kennet Strijbis
|
0-0: Ground out 6-3 (Groundball, 6, EV 96.2 MPH)
|
|
Batting: RHB Carlos Renteria
|
0-0: Called Strike 0-1: Ball 1-1: Swinging Strike 1-2: Strikes out swinging
|
| Bottom of the 5th over - 0 runs, 0 hits, 0 errors, 0 left on base; Mahoning Valley 0 - Vancouver 2 |
| TOP OF THE 6TH |
|
Mahoning Valley Scrappers batting - Pitching for Vancouver Canadians : RHP Manny Solis
|
|
Batting: RHB Ricky Cordova
|
0-0: Ball 1-0: Ball 2-0: Foul Ball, location: 2F 2-1: SINGLE (Flyball, 9LS, EV 90.6 MPH)
|
|
Batting: RHB Jose Argueta
|
0-0: Ball Ricky Cordova is caught stealing 2nd base 2-4 1-0: Foul Ball, location: 2F 1-1: Ball 2-1: Fly out, F9 (Flyball, 89D, EV 97.5 MPH)
|
|
Batting: LHB Matt Steinke
|
0-0: Called Strike 0-1: Foul Ball, location: 2F 0-2: Ball 1-2: Ball 2-2: Ball 3-2: Foul Ball, location: 2F 3-2: Foul Ball, location: 2F 3-2: Strikes out swinging, 2-3 out at first.
|
| Top of the 6th over - 0 runs, 1 hit, 0 errors, 0 left on base; Mahoning Valley 0 - Vancouver 2 |
| BOTTOM OF THE 6TH |
|
Vancouver Canadians batting - Pitching for Mahoning Valley Scrappers : RHP Josh Hughes
|
|
Batting: RHB Nikita Schram
|
0-0: Ball 1-0: Swinging Strike 1-1: Called Strike 1-2: Ball 2-2: Fly out, F9 (Flyball, 9, EV 96.9 MPH)
|
|
Batting: RHB George King
|
0-0: Foul Ball, location: 2F 0-1: Foul Ball, location: 2F 0-2: Foul Ball, location: 2F 0-2: SINGLE (Groundball, 13, EV 87.5 MPH) (infield hit)
|
|
Batting: LHB Adam Santarelli
|
0-0: Ball 1-0: Called Strike 1-1: Called Strike George King steals 2nd, throwing error, E2 George King to third 1-2: Ground out 1-3 (Groundball, 13, EV 76.9 MPH)
|
|
Batting: RHB Brian Manson
|
0-0: Ball 1-0: Ball 2-0: Called Strike 2-1: Foul Ball, location: 2F 2-2: Ground out 5-3 (Groundball, 56, EV 105.0 MPH)
|
| Bottom of the 6th over - 0 runs, 1 hit, 1 error, 1 left on base; Mahoning Valley 0 - Vancouver 2 |
| TOP OF THE 7TH |
|
Mahoning Valley Scrappers batting - Pitching for Vancouver Canadians : RHP Manny Solis
|
|
Batting: LHB Dave Key
|
0-0: Ball 1-0: Foul Ball, location: 2F 1-1: Ball 2-1: Called Strike 2-2: Foul Ball, location: 2F 2-2: Ball 3-2: Ground out 6-3 (Groundball, 6, EV 86.2 MPH)
|
|
Batting: RHB Kevin Wiles
|
0-0: Ball 1-0: Swinging Strike 1-1: Ball 2-1: Ball 3-1: Base on Balls
|
|
Batting: RHB Jonathan Livingston
|
Pickoff Throw to First - Out! 1-3 CS 0-0: Ball 1-0: Foul Ball, location: 2F 1-1: Foul Ball, location: 2F 1-2: Strikes out swinging
|
| Top of the 7th over - 0 runs, 0 hits, 0 errors, 0 left on base; Mahoning Valley 0 - Vancouver 2 |
| BOTTOM OF THE 7TH |
|
Vancouver Canadians batting - Pitching for Mahoning Valley Scrappers : RHP Josh Hughes
|
|
Batting: RHB Elliot Manfredini
|
0-0: Called Strike 0-1: Ground out U3 (Groundball, 34, EV 84.4 MPH)
|
|
Batting: RHB Dan Hilyer
|
0-0: Called Strike 0-1: Fly out, F3 (Line Drive, 34, EV 61.2 MPH)
|
|
Batting: RHB Luis Vargas
|
0-0: Fly out, F5 (Line Drive, 5, EV 65.0 MPH)
|
| Bottom of the 7th over - 0 runs, 0 hits, 0 errors, 0 left on base; Mahoning Valley 0 - Vancouver 2 |
| TOP OF THE 8TH |
|
Mahoning Valley Scrappers batting - Pitching for Vancouver Canadians : RHP Manny Solis
|
|
Batting: RHB Tacito Carreiro
|
0-0: Called Strike 0-1: DOUBLE (Line Drive, 7LM, EV 97.5 MPH)
|
|
Batting: RHB Aaron Stout
|
0-0: Called Strike 0-1: Ball 1-1: Foul Ball, location: 2F 1-2: Ball 2-2: Strikes out swinging
|
|
Pitching: RHP Josh Long
|
|
|
Pinch Hitting: RHB John Shaffer
|
0-0: Ball 1-0: Ball 2-0: Foul Ball, location: 2F 2-1: Swinging Strike 2-2: Strikes out swinging
|
|
Batting: RHB Ricky Cordova
|
0-0: Fly out, F7 (Line Drive, 7, EV 90.0 MPH)
|
| Top of the 8th over - 0 runs, 1 hit, 0 errors, 1 left on base; Mahoning Valley 0 - Vancouver 2 |
| BOTTOM OF THE 8TH |
|
Vancouver Canadians batting - Pitching for Mahoning Valley Scrappers : RHP Josh Hughes
|
|
Now in CF: Ricky Cordova
|
|
|
Now in RF: Jaquan Brown
|
|
|
Batting: RHB Kennet Strijbis
|
0-0: Ball 1-0: Foul Ball, location: 2F 1-1: Ball 2-1: Foul Ball, location: 2F 2-2: Strikes out swinging
|
|
Batting: RHB Carlos Renteria
|
0-0: SINGLE (Groundball, 6MS, EV 70.0 MPH) (infield hit)
|
|
Batting: RHB Nikita Schram
|
0-0: Ball Passed Ball! Carlos Renteria to second 1-0: Fly out, F8 (Flyball, 8RD, EV 96.9 MPH)
|
|
Batting: RHB George King
|
0-0: SINGLE (Groundball, 6MD, EV 107.5 MPH) Carlos Renteria to third Runner from 3rd tries for Home, SAFE, throw by CF to home
|
|
Batting: LHB Adam Santarelli
|
0-0: Fly out, F7 (Flyball, 78M, EV 73.8 MPH)
|
| Bottom of the 8th over - 1 run, 2 hits, 0 errors, 1 left on base; Mahoning Valley 0 - Vancouver 3 |
| TOP OF THE 9TH |
|
Mahoning Valley Scrappers batting - Pitching for Vancouver Canadians : RHP Josh Long
|
|
Pitching: RHP Danny Cervantes
|
|
|
Batting: RHB Jose Argueta
|
0-0: Ball 1-0: Called Strike 1-1: Ground out 6-3 (Groundball, 6M, EV 85.6 MPH)
|
|
Batting: LHB Matt Steinke
|
0-0: Ball 1-0: Called Strike 1-1: Foul Ball, location: 2F 1-2: Ball 2-2: Foul Ball, location: 2F 2-2: Strikes out swinging
|
|
Batting: LHB Dave Key
|
0-0: Foul Ball, location: 2F 0-1: Ground out 6-3 (Groundball, 6, EV 98.8 MPH)
|
| Top of the 9th over - 0 runs, 0 hits, 0 errors, 0 left on base; Mahoning Valley 0 - Vancouver 3 |
|